 Dungeon Crawl Stone Soup version 0.30.0-29-ga12c61a403 (webtiles) character file.

Game seed: 9349053743638474704

1286 AgateBread the Cleaver (level 8, -2/74 HPs)
             Began as a Hill Orc Cinder Acolyte on June 24, 2023.
             Was a Follower of Ignis.
             Slain by an orc priest
             ... wielding a +2 flail of venom
              (7 damage)
             ... on level 6 of the Dungeon.
             The game lasted 00:23:25 (4532 turns).

AgateBread the Cleaver (Hill Orc Cinder Acolyte)    Turns: 4532, Time: 00:23:26

Health: -2/74      AC:  9    Str: 15 (17) XL:     8   Next: 55%
Magic:  9/9        EV:  7    Int: 13 (16) God:    Ignis [*.....]
Gold:   382        SH:  0    Dex:  4 (6)  Spells: 9/9 levels left

rFire   + . .        m - +3 halberd (freeze)
rCold   . . .        (shield currently unavailable)
rNeg    . . .        i - +0 chain mail
rPois   .            (no helmet)
rElec   .            f - scarf {+Inv}
rCorr   .            (no gloves)
SInv    .            (no boots)
Will    .....        (no amulet) Stlth
                     (no ring)
HPRegen 0.32/turn    (no ring)
MPRegen 0.11/turn

%: no passive effects
@: no status effects
A: no striking features
a: Renounce Religion, Convert to Beogh, Evoke Invisibility, Fiery Armour,
Foxfire Swarm, Rising Flame


You were on level 6 of the Dungeon.
You worshipped Ignis.
Ignis was aware of your devotion.
You visited 1 branch of the dungeon, and saw 6 of its levels.
You also visited: Sewer and Ossuary.

You collected 382 gold pieces.

Inventory:

Hand Weapons
 a - a -1 hand axe of flaming
 d - a +0 war axe
 m - a +3 halberd of freezing (weapon)
 t - a +0 glaive of venom
Armour
 b - a +0 robe
 f - a scarf of invisibility (worn)
 g - a +0 leather armour
 h - a +0 ring mail
 i - a +0 chain mail (worn)
 y - a +0 plate armour
Magical Staves
 A - a staff of earth
Jewellery
 s - a ring of wizardry
Scrolls
 j - 2 scrolls of teleportation
 l - a scroll of blinking
 p - 2 scrolls of vulnerability
 w - a scroll of fog
Potions
 e - a potion of resistance {unknown}
 k - 2 potions of flight
 n - 3 potions of curing
 o - a potion of lignification {unknown}
 q - 5 potions of might
 u - 3 potions of brilliance
 v - 2 potions of attraction {unknown}
 x - 2 potions of haste
 z - a potion of invisibility {unknown}
 C - a potion of mutation {unknown}
 D - a potion of experience {unknown}


   Skills:
 - Level 8.0 Fighting
 + Level 9.2 Axes
 + Level 3.9 Armour
 - Level 1.0 Spellcasting
 - Level 5.0 Fire Magic


You had 9 spell levels left.
You didn't know any spells.
Your spell library contained the following spells:

 Spells                   Type           Power      Damage    Failure   Level
 Scorch                   Fire           26%        2d6       56%         2
 Apportation              Tloc           0%         N/A       98%         1
 Necrotise                Necr           0%         1d4       98%         1
 Summon Small Mammal      Summ           0%         N/A       98%         1
 Sublimation of Blood     Necr           0%         N/A       99%         2
 Petrify                  Tmut/Erth      0%         N/A       100%        4
 Irradiate                Conj/Tmut      0%         3d11      100%        5


Dungeon Overview and Level Annotations

Branches:
Dungeon (7/15)             Temple (0/1) D:4           Sewer (visited)
Ossuary (visited)

Altars:
Ashenzari
Hepliaklqana
Sif Muna
Trog
The Shining One

Shops:
D:2 ?[[


Message History

The bullfrog hits you but does no damage.
The bullfrog closely misses you.
You closely miss the bullfrog. The orc priest barely misses you.
The bullfrog hits you but does no damage.
You hit the orc priest. You freeze the orc priest.
The orc priest is moderately wounded.
You feel yourself slow down. The bullfrog hits you.
The orc priest shouts, "Join the one true god or die!"
The orc priest hits you with a +2 flail of venom!
* * * LOW HITPOINT WARNING * * *
A shadow imp comes into view.
Okay, then.
As you read the scroll of teleportation, it crumbles to dust.
You feel strangely unstable.
The bullfrog hits you but does no damage.
The orc priest hits you with a +2 flail of venom!
* * * LOW HITPOINT WARNING * * *
The bullfrog completely misses you.
It was a potion of degeneration.
There was something very wrong with that liquid.
You feel weakened.
You feel dopey.
You feel clumsy. The bullfrog barely misses you.
The orc priest casts a cantrip, but nothing happens.
It was a potion of cancellation.
You feel strangely stable.
You feel magically purged. The bullfrog hits you.
* * * LOW HITPOINT WARNING * * *
The orc priest barely misses you. The bullfrog hits you.
* * * LOW HITPOINT WARNING * * *
You puncture the bullfrog! You freeze the bullfrog!
The bullfrog is almost dead.
The bullfrog barely misses you.
The orc priest calls down the wrath of Beogh upon you.
You struggle to resist.
You slash the bullfrog!
The bullfrog seems to slow down.
You freeze the bullfrog.
You kill the bullfrog!
The orc priest hits you with a +2 flail of venom!
You die...

.#>##. . ......######
#....
...........####...####
...#..#.#............
...#..#.............
...#.....##.##..5..
...##...##).o##...####..
...##..##.....##........
#..)...#.......#@.#
#.........._...o..#
######.#.......#.......
#.##.....##..#.##.
...##$..###.##.#
#######.## #.. # #...
#.# ####.... ..


You could see an orc priest and a shadow imp.

Vanquished Creatures
  A water moccasin (D:6)
  An orc warrior (D:6)
  A black bear (D:4)
  A sky beast (D:6)
  A centaur (D:6)
  A phantom (D:6)
  A bullfrog (D:6)
  A water moccasin zombie (Ossuary)
  A wight (Ossuary)
  3 bullfrog zombies (Ossuary)
  An orc priest (D:6)
  A centaur zombie (Ossuary)
  A human zombie (Ossuary)
  Terence (D:2)
  Natasha (thrice) (D:2)
  3 scorpion zombies (Ossuary)
  4 orc wizards
  4 gnolls (D:3)
  7 adders
  A shadow imp (D:7)
  2 worms (D:3)
  A dart slug (D:4)
  8 orcs
  8 endoplasms
  4 giant cockroaches
  5 gnoll zombies (Ossuary)
  3 goblins
  3 hobgoblins
  6 jackals
  4 kobolds
  3 quokkas (D:2)
  7 ball pythons
  4 bats
  7 frilled lizards
  3 goblin zombies (Ossuary)
  A hobgoblin zombie (Ossuary)
  4 orc zombies (Ossuary)
  5 rats
  A spectral kobold (D:3)
117 creatures vanquished.

Vanquished Creatures (others)
  34 foxfires
34 creatures vanquished.

Grand Total: 151 creatures vanquished

Notes
Turn   | Place    | Note
-------+----------+-------------------------------------------
     0 | D:1      | AgateBread the Hill Orc Cinder Acolyte began the quest for
                  | the Orb.
     0 | D:1      | Reached XP level 1. HP: 19/19 MP: 2/2
   116 | D:1      | Reached XP level 2. HP: 27/27 MP: 3/3
   864 | D:2      | Found Maajuhev's Antique Armour Emporium.
   904 | D:2      | Found Idu Vown's Magic Scroll Boutique.
   931 | D:2      | Reached XP level 3. HP: 33/33 MP: 4/4
   990 | D:2      | Noticed Natasha
   996 | D:2      | Killed Natasha
  1072 | D:2      | Found Duigurie's Antique Armour Emporium.
  1470 | D:2      | Noticed Natasha
  1480 | D:2      | Killed Natasha
  1481 | D:2      | Reached skill level 5 in Axes
  1481 | D:2      | Reached XP level 4. HP: 35/41 MP: 5/5
  1623 | D:2      | Noticed Natasha
  1630 | D:2      | Killed Natasha
  1660 | D:2      | Noticed Terence
  1668 | D:2      | Killed Terence
  1669 | D:2      | Reached XP level 5. HP: 47/47 MP: 6/6
  1870 | D:3      | Found a broken altar of Ashenzari.
  1890 | D:3      | Found a bloodstained altar of Trog.
  2063 | D:3      | Reached skill level 5 in Fighting
  2308 | D:3      | Found a hazy altar of Hepliaklqana.
  2427 | D:3      | Reached XP level 6. HP: 56/56 MP: 7/7
  2473 | D:3      | Found a shimmering blue altar of Sif Muna.
  2820 | D:3      | Reached skill level 6 in Axes
  2820 | D:3      | Reached skill level 5 in Fire Magic
  2968 | D:4      | Found a staircase to the Ecumenical Temple.
  2972 | D:4      | Noticed a black bear
  2978 | D:4      | Killed a black bear
  3180 | D:4      | Found a sand-covered staircase.
  3190 | Ossuary  | Entered an ossuary
  3263 | Ossuary  | Reached XP level 7. HP: 33/64 MP: 8/8
  3504 | Ossuary  | Reached skill level 7 in Axes
  3693 | Ossuary  | Noticed a silent spectre
  3854 | D:4      | You fall into a shaft and drop 3 floors!
  3889 | D:6      | Reached skill level 8 in Axes
  3889 | D:6      | Reached skill level 1 in Armour
  3935 | D:6      | Found a glowing drain.
  3949 | Sewer    | Entered a sewer
  4279 | D:6      | Reached XP level 8. HP: 44/74 MP: 9/9
  4482 | D:6      | Found a glowing golden altar of the Shining One.
  4497 | D:6      | Reached skill level 9 in Axes
  4532 | D:6      | Slain by an orc priest

Illustrated notes

Levels and vault maps discovered:
D:1:      amcnicky_arrival_single_pillar, layout_basic
D:2:      layout_basic, serial_shops, nicolae_shop_overgrown_old_shop,
          nicolae_shop_crystal, nicolae_shop_hallway_plus,
          grunt_decor_mini_mirrors, minmay_misc_feat_enclosed, uniq_terence,
          uniq_natasha
D:3:      layout_basic, nicolae_hepliaklqana_monster_ancestors,
          grunt_temple_overflow_open, led_sif_book, eino_tiny_chamber,
          kennysheep_path_1
D:4:      layout_rooms, minmay_temple_entry_large_hall,
          nicolae_ossuary_entry_monument
D:6:      layout_loops_cross, lemuel_round_altar,
          grunt_dithmenos_smoke_and_mirrors, portal_sewer_entry_c
D:7:      layout_basic, lemuel_mausoleum_altar_yredelemnul, serial_shops, shop

Skill      XL: |  1  2  3  4  5  6  7  8 |
---------------+-------------------------+-----
Fighting       | 4 5 6 7 8 |  8.0
Fire Magic     | 4 5 |  5.0
Axes           | 5 6 8 9 |  9.2
Armour         | 2 3 |  3.9
Spellcasting   | |  1.0

Action                     |  1- 3 |  4- 6 |  7- 9 || total
---------------------------+-------+-------+-------++-------
  Melee: Hand axe          |    83 |   168 |    68 ||   319
         Punch             |     2 |     1 |     1 ||     4
         Halberd           |       |       |    96 ||    96
 Invoke: Fiery Armour      |     3 |     3 |     1 ||     7
         Foxfire Swarm     |       |     2 |     1 ||     3
    Use: Scroll            |       |     7 |     9 ||    16
         Potion            |       |     1 |     5 ||     6
 Armour: Robe              |    12 |       |       ||    12
         Ring mail         |    10 |       |       ||    10
         Chain mail        |     9 |   123 |   113 ||   245
  Dodge: Dodged            |    46 |    75 |    67 ||   188
